[Event "5th Baskent University Open 2022"]
[Site "Ankara"]
[Date "2022.07.06"]
[Round "8.24"]
[White "Saka, Omer"]
[Black "Ozgun, Yigit Deniz"]
[Result "1/2-1/2"]
[ECO "A49"]
[WhiteElo "1832"]
[BlackElo "1567"]
[Annotator "NA RC COMBH"]
[PlyCount "92"]
[EventDate "2022.07.02"]
[EventType "swiss"]
[EventCountry "TUR"]
[SourceTitle "playchess.com"]
[Source "ChessBase"]
[SourceQuality "1"]
[TimeControl "5400+30"]

1. d4 Nf6 2. Nf3 g6 3. g3 Bg7 4. Bg2 O-O 5. O-O d6 6. b3 c6 7. Bb2 a5 8. c4 Bf5 9. Nbd2 Ne4 10. Nh4 Nxd2 11. Qxd2 Bd7 12. e4 Qc7 13. f4 c5 14. d5 b5 15. Bxg7 Kxg7 16. Qc3+ Kg8 17. e5 a4 18. e6 Be8 19. exf7+ Bxf7 20. Rfe1 axb3 21. axb3 Na6 22. f5 bxc4 23. fxg6 hxg6 24. bxc4 Qd7 25. Re6 Nc7 26. Rxa8 Nxa8 27. Bh3 Qb7 28. Qe1 Bxe6 29. Qxe6+ Rf7 30. Qxg6+ Kf8 31. Be6 Rg7 32. Qf5+ Ke8 33. Ng6 Rxg6 34. Qxg6+ Kd8 35. Qf5 Nc7 36. h4 Ne8 37. g4 Qb4 38. Qf2 Qxc4 39. g5 Qd3 40. Kg2 Qe4+ 41. Kg3 Kc7 42. Qf4 Qe1+ 43. Kg4 Qd1+ 44. Qf3 Qd4+ 45. Qf4 Qd1+ 46. Qf3 Qd4+ 1/2-1/2

[Event "5th Baskent University Open 2022"]
[Site "Ankara"]
[Date "2022.07.07"]
[Round "9.1"]
[White "Aliyev, Elnur"]
[Black "Rasulov, Vugar"]
[Result "1/2-1/2"]
[ECO "A30"]
[WhiteElo "2142"]
[BlackElo "2458"]
[Annotator "TA"]
[PlyCount "39"]
[EventDate "2022.07.02"]
[EventType "swiss"]
[EventCountry "TUR"]
[SourceTitle "playchess.com"]
[Source "ChessBase"]
[SourceQuality "1"]
[TimeControl "5400+30"]

1. Nf3 Nf6 2. g3 g6 3. b3 Bg7 4. Bb2 b6 5. Bg2 Bb7 6. c4 O-O 7. O-O c5 8. Nc3 Na6 9. d4 cxd4 10. Nxd4 Bxg2 11. Kxg2 Nc5 {[%emt 0:00:00] [#] A30: Symmetrical English: Double Fianchetto and Hedgehog.} {Predecessor:} 12. f3 $146 a6 13. e4 e6 14. b4 Nb7 15. Rc1 Rc8 16. Qe2 a5 17. a3 Qe7 18. e5 Ne8 19. Na4 axb4 20. Nxb6 {1-0 (42) Dobre,C (2358)-Deac,B (2402) Calimanesti 2015} 1/2-1/2

[Event "5th Baskent University Open 2022"]
[Site "Ankara"]
[Date "2022.07.07"]
[Round "9.2"]
[White "Atabayev, Saparmyrat"]
[Black "Annaberdiev, Meilis"]
[Result "0-1"]
[ECO "B08"]
[WhiteElo "2447"]
[BlackElo "2484"]
[Annotator "TA"]
[PlyCount "72"]
[EventDate "2022.07.02"]
[EventType "swiss"]
[EventCountry "TUR"]
[SourceTitle "playchess.com"]
[Source "ChessBase"]
[SourceQuality "1"]
[TimeControl "5400+30"]

1. e4 {[%emt 0:01:00] Har Zvi,R} d6 2. d4 Nf6 3. Nc3 g6 4. Nf3 Bg7 5. h3 O-O 6. Be2 c5 7. dxc5 Qa5 {[%emt 0:00:00] Hoping for ...Nxe4. B08: Pirc Defence: Classical System.} 8. cxd6 Nxe4 $1 9. dxe7 Re8 {[%emt 0:00:00] White has an edge.} 10. O-O Nxc3 11. bxc3 Nc6 12. Bc4 Rxe7 (12... Qxc3 $2 13. Bxf7+ $1 (13. Qd5 $2 Be6 $19) 13... Kxf7 14. Qd5+ Kxe7 15. Ng5 $18 (15. Rd1 $2 Be6 $19)) 13. Bg5 (13. Re1 $5 ) 13... Re8 {[%emt 0:00:30] [#]} 14. Rb1 $146 {[%emt 0:04:30][%mdl 128] Threatens to win with Re1. White has some attack.} ({Predecessor:} 14. Re1 Bf5 15. Rb1 Rxe1+ 16. Qxe1 Qc5 17. Qe2 Na5 18. Bd3 Bxd3 19. cxd3 Qxc3 20. d4 {½-½ (31) McDonald,N (2490)-Dunnington,A (2445) London 1997 CBM 060 [Har Zvi,R]}) 14... Qc7 15. Qd2 Na5 $1 16. Bb5 Nc6 (16... Bxc3 $11 17. Bf4 Qc5) 17. Bf4 $14 Qa5 18. Bc4 $1 Bxc3 19. Qd3 {[%emt 0:03:30] aiming for Rb5.} Bf6 20. Rfe1 $1 Rxe1+ 21. Rxe1 {[%emt 0:00:30] Re8+ is the strong threat.} ({Don't do} 21. Nxe1 Nd4 $14) 21... Bf5 {[%emt 0:00:00] [#]} 22. Qb3 (22. Bxf7+ $1 $16 Kg7 {[#]} 23. Qe3 $1) 22... Nd4 $11 23. Bxf7+ {[%emt 0:09:30] Loses the game.} (23. Qe3 $1 $11) 23... Kg7 $19 24. Bh6+ $2 ({Avoid the trap} 24. Qb1 $2 Bxc2 25. Qxb7 Nxf3+ 26. gxf3 Qxe1+ $19) (24. Qe3 Kxf7 25. Nxd4 Bxd4 26. Qb3+ Kf6 27. Re2) 24... Kxh6 25. Qe3+ g5 26. Rd1 Nxf3+ {[%emt 0:10:02] Black is clearly winning.} 27. Qxf3 Rf8 28. Bb3 Bg6 29. Qxb7 {[%emt 0:08:00] [#]} Bd4 $1 30. Qe7 (30. Qd5 Bxf2+) 30... Bxf2+ 31. Kh1 Bc5 (31... Re8 $142 32. Qxe8 Bxe8) 32. Qe5 Bb6 33. Rd5 (33. Qxa5 $142 Bxa5 34. Rd7) 33... Rf1+ 34. Kh2 Bg1+ 35. Kg3 Qe1+ 36. Qxe1 Rxe1 {[%emt 0:00:00] Weighted Error Value: White=0.80/Black=0.62} 0-1

[Event "5th Baskent University Open 2022"]
[Site "Ankara"]
[Date "2022.07.07"]
[Round "9.4"]
[White "Ozsoy, Alimert"]
[Black "Caputcuoglu, Zeki Berke"]
[Result "1-0"]
[ECO "B72"]
[WhiteElo "2263"]
[BlackElo "2203"]
[Annotator "TA"]
[PlyCount "63"]
[EventDate "2022.07.02"]
[EventType "swiss"]
[EventCountry "TUR"]
[SourceTitle "playchess.com"]
[Source "ChessBase"]
[SourceQuality "1"]
[TimeControl "5400+30"]

1. e4 c5 2. Nf3 d6 3. d4 cxd4 4. Nxd4 Nf6 5. Nc3 g6 6. Be3 a6 7. f3 {[%emt 0:00:00] B72: Sicilian Dragon: 6 Be3, lines with h3+Bc4 and sidelines.} h5 8. Qd2 Nbd7 9. O-O-O {[%emt 0:00:30] White is slightly better.} b5 {[%emt 0:00:00] [#]} 10. a4 $146 ({Predecessor:} 10. Kb1 Bb7 11. h4 Bg7 12. g3 Qc7 13. a3 Rb8 14. Nb3 Ne5 15. Qf2 Nc4 16. Bxc4 bxc4 {½-½ (47) Easwaralingam,A (2069)-Yilmazyerli,M (2466) Terme Catez 2022}) 10... bxa4 11. Nxa4 Bb7 {[%emt 0:15:30] Inhibits Nc6.} 12. Nb3 (12. Kb1 $11) 12... Bc6 $1 $15 13. Nc3 Bg7 14. Nd5 (14. Nd4 $11 Qc7 15. Nxc6 Qxc6 16. Nd5) 14... a5 {[%emt 0:03:30] Threatens to win with ...Bxd5.} (14... Bxd5 $5 15. exd5 Qc7 $11) 15. Nd4 Bb7 (15... Bxd5 $17 16. exd5 a4) 16. Bb5 Rc8 ({Black should try} 16... a4 $11) 17. Bg5 ({Better is} 17. Nf4 $14 O-O {[#]} 18. Nxg6 $1 fxg6 19. Ne6) 17... Nxd5 18. exd5 {[%emt 0:00:30] Hoping for Rhe1.} O-O 19. Rhe1 (19. Nc6 Bxc6 20. dxc6 Ne5 $17) 19... Nc5 (19... Ne5 $11) 20. Kb1 $1 $36 {[%emt 0:04:30][%mdl 2048] White is pushing. White is more active.} ({Wrong is} 20. Rxe7 $2 Bxd4 21. Kb1 (21. Qxd4 $2 Nb3+ 22. Kb1 Nxd4 $19) 21... Bh8 22. Rxf7 (22. Rxb7 $2 f6 $19) 22... Qb6 23. Rxf8+ Rxf8 $19) 20... Qb6 21. c4 Ra8 (21... Rfe8 $16 {might work better.}) 22. Bh6 ({Much less strong is} 22. Rxe7 $6 a4 $16) ({White must play} 22. Bxe7 $18 Rfc8 23. Qf4) 22... Bf6 $16 23. Bxf8 Kxf8 24. g4 h4 (24... a4 $16 {is a better chance.}) 25. g5 $18 Bg7 26. Qf4 {[%emt 0:01:36] Black must now prevent Ne6+.} Bc8 27. Ne6+ Bxe6 28. dxe6 Nxe6 29. Rxe6 Qf2 30. Rd2 {[%emt 0:00:16] Intending Rxe7 and mate.} Qg1+ 31. Ka2 {[%emt 0:00:12][%cal Oe6e7] Threatening mate with Rxe7!} a4 {[%emt 0:00:16] [#]} 32. Rxe7 $3 {[%emt 0:00:11][%mdl 512] Weighted Error Value: White=0.29 (precise) /Black=0.64} 1-0

[Event "5th Baskent University Open 2022"]
[Site "Ankara"]
[Date "2022.07.07"]
[Round "9.5"]
[White "Huseyinoglu, Alihan"]
[Black "Bicer, Atakan Mert"]
[Result "1-0"]
[ECO "E36"]
[WhiteElo "2213"]
[BlackElo "2368"]
[Annotator "RC"]
[PlyCount "141"]
[EventDate "2022.07.02"]
[EventType "swiss"]
[EventCountry "TUR"]
[SourceTitle "playchess.com"]
[Source "ChessBase"]
[SourceQuality "1"]
[TimeControl "5400+30"]

1. Nf3 Nf6 2. c4 e6 3. Nc3 Bb4 4. Qc2 d5 5. a3 Be7 6. d4 O-O 7. Bf4 c5 8. dxc5 Bxc5 9. e3 Nc6 10. Rd1 Qa5 11. Bd3 dxc4 12. Bxc4 Be7 13. h3 e5 14. Bg3 e4 15. Nd2 Bf5 16. O-O Ne5 17. b4 Qc7 18. Nb5 Qb8 19. Qc3 Nfd7 20. Nxe4 Bxe4 21. Rxd7 Bf6 22. Bxe5 Bxe5 23. Qb3 a6 24. Nc3 Bg6 25. Rfd1 Kh8 26. Nd5 Bf5 27. Nb6 Bxd7 28. Nxd7 Qc7 29. Nxf8 Rxf8 30. Qd3 g6 31. Qe4 b5 32. Bd5 Bb2 33. Qd3 Kg7 34. Qb3 Bf6 35. g3 h5 36. h4 Rd8 37. Kg2 Rd7 38. Rd3 Qc1 39. e4 Rc7 40. a4 Qa1 41. axb5 axb5 42. Rd1 Qc3 43. Qxc3 Bxc3 44. Rc1 Be5 45. Rc5 Rxc5 46. bxc5 f6 47. f4 Bc7 48. Kf3 Kf8 49. Bc6 b4 50. Bd5 Bb8 51. g4 hxg4+ 52. Kxg4 Kg7 53. f5 Be5 54. Bb3 Kh6 55. fxg6 Kxg6 56. h5+ Kh6 57. c6 Bd6 58. Bd1 Bc7 59. Kf5 Be5 60. Ke6 Kg5 61. Bc2 Kxh5 62. Kd7 Kg4 63. c7 Bxc7 64. Kxc7 Kf4 65. Kd6 b3 66. Bb1 Ke3 67. Ke6 Kd2 68. Kxf6 Kc1 69. Bd3 Kd2 70. Bc4 b2 71. Ba2 1-0

[Event "5th Baskent University Open 2022"]
[Site "Ankara"]
[Date "2022.07.07"]
[Round "9.7"]
[White "Sevgi, Volkan"]
[Black "Unat, Can Haktan"]
[Result "1/2-1/2"]
[ECO "B45"]
[WhiteElo "2305"]
[BlackElo "2242"]
[Annotator "TA"]
[PlyCount "46"]
[EventDate "2022.07.02"]
[EventType "swiss"]
[EventCountry "TUR"]
[SourceTitle "playchess.com"]
[Source "ChessBase"]
[SourceQuality "1"]
[TimeControl "5400+30"]

1. e4 {[%emt 0:01:00] RR} c5 2. Nc3 e6 3. Nge2 Nc6 4. d4 cxd4 5. Nxd4 Nf6 6. Ndb5 Bb4 7. a3 Bxc3+ 8. Nxc3 d5 9. exd5 exd5 10. Bd3 O-O 11. O-O Bg4 12. f3 Bh5 $1 {[%emt 0:00:00][%mdl 4] now scores much better than the old 12...Be6.} 13. Ne2 {[%emt 0:06:30] B45: Sicilian Four Knights.} Re8 14. Kh1 {[%emt 0:05:30] [#]} Bg6 $146 ({Predecessor:} 14... Qb6 15. Nf4 Bg6 16. Bxg6 hxg6 17. Nxd5 Nxd5 18. Qxd5 Nd4 19. Bg5 Nxc2 20. Rac1 Nd4 {1-0 (41) Hutois,M (2186)-Shirazi,K (2367) Sautron 2014 EXT 2015 [RR]}) 15. Bg5 Qd6 16. Bxg6 hxg6 17. Qd2 Qe5 18. Nc3 d4 19. Bxf6 gxf6 ({But not} 19... dxc3 20. Bxe5 cxd2 21. Bc3 $11) 20. Ne4 f5 21. Nf2 Qe3 (21... Qb5 $15 {was preferrable.}) 22. Rad1 $11 Kg7 23. Nd3 b5 {[%emt 0:15:30] Weighted Error Value: White=0.08 (flawless) /Black=0.11 (very precise)} 1/2-1/2

[Event "5th Baskent University Open 2022"]
[Site "Ankara"]
[Date "2022.07.07"]
[Round "9.8"]
[White "Dedebas, Emre Emin"]
[Black "Bekiragaoglu, Umut"]
[Result "1-0"]
[ECO "E05"]
[WhiteElo "2321"]
[BlackElo "2067"]
[Annotator "TA"]
[PlyCount "63"]
[EventDate "2022.07.02"]
[EventType "swiss"]
[EventCountry "TUR"]
[SourceTitle "playchess.com"]
[Source "ChessBase"]
[SourceQuality "1"]
[TimeControl "5400+30"]

1. d4 d5 2. c4 e6 3. Nf3 Nf6 4. g3 Be7 5. Bg2 O-O 6. O-O dxc4 7. Qc2 a6 8. a4 Bd7 9. Rd1 Bc6 10. Nc3 {[%emt 0:00:00] 10.Bg5 is the hot move.} Nbd7 {[%emt 0:03:30] E05: Open Catalan: 5 Nf3 Be7.} (10... Bxf3 $11 {remains equal.} 11. Bxf3 Nc6) 11. e4 $1 $16 {[%emt 0:00:30][%cal Be2e4,Be4e5][%mdl 32] d5 is the strong threat.} b5 {[%emt 0:01:30] [#]} 12. d5 $1 exd5 {[%emt 0:00:30] [#] White is better.} 13. e5 {[%emt 0:00:30][%mdl 64] Deflection. White is more active.} Ne4 (13... Ng4 $16) 14. Nxd5 $18 Nec5 (14... Bxd5 {was necessary.} 15. Rxd5 c6 16. Rxd7 Qxd7) 15. Nxe7+ {[%emt 0:09:30][%mdl 64] Remove Defender} Qxe7 16. Ng5 Nd3 17. Bxc6 {[%emt 0:02:30] [#]} Rad8 $146 ({Predecessor:} 17... N7xe5 18. Bxa8 Rxa8 19. Bf4 {1-0 (19) Ribli,Z (2590)-Dobias,R (2205) Austria 1995}) 18. Rxd3 (18. axb5 N7xe5 19. Be4 (19. Rxa6 h6 $11) 19... h6 20. bxa6 hxg5 $18) 18... cxd3 19. Qxd3 $40 {[%emt 0:00:00][%csl Gg5][%cal Rd3h7][%mdl 128] White is out for blood.} g6 20. Bxd7 (20. axb5 $6 Nxe5 21. Qf1 Nxc6 $18) 20... Rxd7 21. Qe2 f6 22. Nf3 ({Not} 22. axb5 fxg5 23. bxa6 c5 $18) 22... fxe5 23. Bh6 Rf5 $2 (23... Rb8 24. axb5 (24. Qxe5 Qxe5 25. Nxe5 Rd6 $18) (24. Nxe5 Re8 $18) 24... axb5) 24. axb5 {[%emt 0:01:30] White is clearly winning.} axb5 25. Ra8+ Rd8 {[%emt 0:00:30] [#]} 26. Qd3 $1 {[%emt 0:03:30] White wants to mate with Qd5+.} Re8 {[%emt 0:01:30] [#]} (26... Rff8 27. Bxf8) 27. Qxb5 $1 Kf7 (27... Rff8 28. Bxf8) 28. Qd5+ Qe6 29. Ng5+ Rxg5 30. Qxe6+ Rxe6 31. Bxg5 Rb6 32. Rc8 {[%emt 0:00:00] White took control after the opening.  Weighted Error Value: White=0.39/Black=0.69} 1-0

[Event "5th Baskent University Open 2022"]
[Site "Ankara"]
[Date "2022.07.07"]
[Round "9.9"]
[White "Makaraci, Tunahan"]
[Black "Ozkan, Taha"]
[Result "0-1"]
[ECO "B22"]
[WhiteElo "2130"]
[BlackElo "2357"]
[Annotator "TA"]
[PlyCount "60"]
[EventDate "2022.07.02"]
[EventType "swiss"]
[EventCountry "TUR"]
[SourceTitle "playchess.com"]
[Source "ChessBase"]
[SourceQuality "1"]
[TimeControl "5400+30"]

1. e4 c5 2. Nf3 e6 3. c3 d5 4. exd5 Qxd5 5. d4 Nc6 6. a3 Nf6 7. Be3 cxd4 8. cxd4 Be7 9. Nc3 Qd8 10. Bd3 O-O 11. O-O b6 12. Qe2 Bb7 13. Rad1 Rc8 14. Rfe1 Qc7 {[%emt 0:02:30] [#] B22: Sicilian: 2 c3.} (14... Na5 $11) 15. Ng5 $146 (15. Bg5 $16) ({Predecessor:} 15. Bg5 Rfd8 16. Bb1 Na5 17. Ne5 Qd6 18. Bxf6 Bxf6 19. Bxh7+ Kf8 20. Qh5 Rc7 21. Be4 Ba6 22. Bb1 {1-0 (36) Artemiev,V (2704)-Aronian,L (2782) chess24.com INT 2021}) 15... h6 $11 16. Nge4 Rfd8 {[%emt 0:00:30] White has an edge.} 17. Bb1 Na5 18. Nxf6+ Bxf6 19. Qg4 Kf8 (19... Nc4 $5 ) 20. Ne4 Bxe4 21. Qxe4 Nc4 22. Bc1 (22. Qh7 $15) 22... Qc6 $17 23. Qh7 Rxd4 {[%emt 0:02:30] Active counter play!} 24. Be4 ({White should play} 24. b3 Rxd1 25. Rxd1) 24... Qd7 25. Rxd4 Bxd4 26. b3 {[%emt 0:00:30] [#]} (26. Bf3 $17 Nxb2 27. Bxb2 Bxb2 28. Rd1) 26... Ne5 $1 $19 {[%emt 0:05:30] And now ...Ng4 would win.} 27. a4 $2 {[%emt 0:36:23] [#]} (27. Bxh6 {might work better.} gxh6 28. Qxh6+ Ke8 29. Qh8+ Ke7 30. Qh4+ f6 31. h3) 27... Bxf2+ $1 {[%emt 0:03:30][%mdl 512] Black is clearly winning.} 28. Kf1 (28. Kxf2 Rxc1) 28... Bxe1 29. Ba3+ {[%emt 0:00:04] [#]} Rc5 $1 {[%emt 0:00:30][%cal Od7d2] ( -> ...Qd2!)} 30. Kxe1 Qd4 {[%emt 0:00:30] White did not feel at home in the position after the opening.  Weighted Error Value: White=0.47/Black=0.15 (very precise)} 0-1

[Event "5th Baskent University Open 2022"]
[Site "Ankara"]
[Date "2022.07.07"]
[Round "9.10"]
[White "Tarhan, Adar"]
[Black "Akbas, Umut Ata"]
[Result "0-1"]
[ECO "B81"]
[WhiteElo "2201"]
[BlackElo "2298"]
[Annotator "TA"]
[PlyCount "74"]
[EventDate "2022.07.02"]
[EventType "swiss"]
[EventCountry "TUR"]
[SourceTitle "playchess.com"]
[Source "ChessBase"]
[SourceQuality "1"]
[TimeControl "5400+30"]

1. e4 c5 2. Nf3 d6 3. d4 cxd4 4. Nxd4 Nf6 5. Nc3 a6 6. h3 e6 7. g4 Be7 {[%emt 0:00:00] B81: Sicilian Scheveningen: Keres Attack.} 8. g5 Nfd7 9. Be3 b5 {[%emt 0:00:00] White is slightly better.} (9... Bxg5 10. Nxe6 $1 fxe6 11. Qh5+ g6 12. Qxg5 $16) 10. a3 Bb7 (10... Bxg5 11. Nxe6 $1 fxe6 12. Qh5+ g6 13. Qxg5 $16) 11. h4 Nc6 12. f4 Rc8 13. Qd2 Nxd4 14. Qxd4 (14. Bxd4 $14 Qa5 15. Bg2 (15. Bxg7 Rg8 $15)) 14... O-O $11 15. O-O-O Qc7 {[%emt 0:16:30] [#]} (15... Nc5 $5 ) 16. h5 $146 {[%emt 0:10:30] Threatens to win with h6.} ({Predecessor:} 16. Kb1 Nc5 17. Rh2 Rfd8 18. Re1 e5 19. Qd1 Nxe4 20. Nd5 Bxd5 21. Qxd5 Qc6 22. Qxc6 Rxc6 {½-½ (82) Ganguly,S (2660)-Docx,S (2416) Caleta 2016}) 16... Nc5 $1 {[%emt 0:02:30][%cal Oc5e4] Strongly threatening ...Nxe4!} 17. Bg2 Na4 (17... a5 $15 18. Kb1 Na4) 18. Bd2 (18. h6 $14 e5 19. Qd3 (19. fxe5 $2 dxe5 20. Qd7 Nxc3 $19) 19... Nxc3 20. hxg7 Kxg7 21. bxc3 Qxc3 22. Kb1) 18... Rfd8 ({Black should play} 18... e5 $11 19. Qd3 Nxc3 20. Bxc3 Qc4) 19. Kb1 $40 {[%emt 0:02:30][%mdl 128] White has some attack.} e5 20. Qd3 Nc5 21. Qe2 a5 $2 ({Better is} 21... exf4 $14 22. Bxf4 Ne6) 22. Nxb5 $18 Qb6 23. g6 {[%emt 0:02:30] aiming for gxf7+.} Nxe4 $2 (23... h6 {is a better chance.} 24. gxf7+ Kxf7 25. fxe5 dxe5) 24. Bxe4 Bxe4 25. Qxe4 {[%emt 0:00:00] And now gxf7+ would win.} Qxb5 26. gxf7+ Kxf7 27. Qxh7 {[%emt 0:01:30] Black must now prevent Qg6+.} Bf6 28. Qg6+ Kf8 (28... Ke7 $142 29. h6 e4) 29. h6 e4 30. hxg7+ (30. Bc1 Rxc2 31. hxg7+ (31. Kxc2 Rc8+ 32. Kd2 Qd3+ 33. Ke1 Rxc1 $11) 31... Bxg7 32. Kxc2 Rc8+ 33. Kd2 Qd3+ 34. Ke1 Rxc1 35. Qf5+ (35. Rxc1 Qe3+ 36. Kd1 Qf3+ 37. Kd2 Qd3+ 38. Ke1 Qe3+ 39. Kd1 Qf3+ 40. Kd2 Qd3+ 41. Ke1 $11) 35... Kg8 36. Rxc1 Qe3+ 37. Kf1 (37. Kd1 Qf3+ 38. Kd2 Qg2+ 39. Ke3 Qf3+ 40. Kd2 Qg2+ 41. Ke3 Qf3+ 42. Kd2 $11) 37... Qf3+ 38. Kg1 Qg3+ 39. Kf1 Qf3+ 40. Ke1 (40. Kg1 Qg3+ 41. Kf1 Qf3+ $11) 40... Qxh1+ 41. Ke2 (41. Kd2 Qg2+ 42. Ke1 Qh1+ 43. Ke2 Qxc1 $11) 41... Qxc1 $11) 30... Bxg7 31. c3 {[%emt 0:02:30] Threatening mate with f5.} ({Inferior is} 31. Bc1 Rxc2 32. Kxc2 Rc8+ 33. Kd2 Qd3+ 34. Ke1 Rxc1 35. Qf5+ (35. Rxc1 Qe3+ 36. Kd1 Qf3+ 37. Kd2 Qd3+ 38. Ke1 Qe3+ 39. Kd1 Qf3+ 40. Kd2 Qd3+ 41. Ke1 $11) 35... Kg8 36. Rxc1 Qe3+ 37. Kf1 (37. Kd1 Qf3+ 38. Kd2 Qg2+ 39. Ke3 Qf3+ 40. Kd2 Qg2+ 41. Ke3 Qf3+ 42. Kd2 $11) 37... Qf3+ 38. Kg1 Qg3+ 39. Kf1 Qf3+ 40. Kg1 Qg3+ 41. Kf1 Qf3+ $11) 31... Rc7 32. Rh5 Qd3+ (32... Qe8 $142 33. Qh7 e3 34. Rf5+ (34. Rxa5 exd2 35. Qd3 Rc5 $15) 34... Rf7) 33. Kc1 $4 {[%emt 0:00:30][%mdl 8192] [#]} (33. Ka1 $18 Rf7 34. f5) 33... Bxc3 $1 {[%emt 0:01:26][%csl Gd3][%cal Rc3d2][%mdl 512] Black mates.} 34. Rf5+ (34. Qg8+ Kxg8) 34... Bf6+ $1 35. Bc3 Rxc3+ 36. bxc3 Qxc3+ 37. Kb1 Qb2# {[%emt 0:00:00] Never resign too early!  Weighted Error Value: White=0.44/Black=0.50} 0-1

[Event "5th Baskent University Open 2022"]
[Site "Ankara"]
[Date "2022.07.07"]
[Round "9.12"]
[White "Koksal, Ege"]
[Black "Citak, Selim"]
[Result "1/2-1/2"]
[ECO "A13"]
[WhiteElo "2356"]
[BlackElo "2176"]
[Annotator "TA"]
[PlyCount "43"]
[EventDate "2022.07.02"]
[EventType "swiss"]
[EventCountry "TUR"]
[SourceTitle "playchess.com"]
[Source "ChessBase"]
[SourceQuality "1"]
[TimeControl "5400+30"]

1. Nf3 Nf6 2. c4 e6 3. Nc3 d5 4. e3 Be7 5. b3 O-O 6. Bb2 c5 7. cxd5 exd5 8. d4 {[%emt 0:00:00] A13: English Opening: 1...e6.} Nc6 9. Be2 cxd4 {[%emt 0:13:00] 9...Ne4 is becoming the main line.} 10. Nxd4 Re8 11. O-O {[%emt 0:05:30] [#] Black got outplayed after the opening.  Weighted Error Value: White=0.00 (flawless) /Black=0.02 (flawless)} {Predecessor:} Bd6 $146 12. Nxc6 bxc6 13. Rc1 Bc7 14. Bf3 Qd6 15. g3 Bh3 16. Re1 Rad8 17. Qc2 Ba5 18. a3 c5 19. Red1 Bb6 20. Nxd5 Nxd5 21. Rxd5 Qh6 22. Rh5 {1-0 (22) Ozen,B (2369)-Kapitanchuk,T (2346) Chess.com INT 2021} 1/2-1/2

[Event "5th Baskent University Open 2022"]
[Site "Ankara"]
[Date "2022.07.07"]
[Round "9.13"]
[White "Yildirim, Ibrahim Halil"]
[Black "Primbetov, Marat"]
[Result "1-0"]
[ECO "B31"]
[WhiteElo "2106"]
[BlackElo "2186"]
[Annotator "RC"]
[PlyCount "102"]
[EventDate "2022.07.02"]
[EventType "swiss"]
[EventCountry "TUR"]
[SourceTitle "playchess.com"]
[Source "ChessBase"]
[SourceQuality "1"]
[TimeControl "5400+30"]

1. e4 c5 2. Nf3 Nc6 3. Bb5 g6 4. O-O Bg7 5. c3 Nf6 6. Re1 O-O 7. d4 cxd4 8. cxd4 d5 9. e5 Ne4 10. Bxc6 bxc6 11. Be3 f6 12. Qc1 Qb6 13. Nc3 Nxc3 14. Qxc3 a5 15. Rac1 Bd7 16. exf6 exf6 17. Bf4 Rfe8 18. Bd6 Bh6 19. Rxe8+ Rxe8 20. Re1 Re6 21. Rxe6 Bxe6 22. a4 Qa6 23. Qb3 Bc8 24. Qb8 Qb7 25. Qxb7 Bxb7 26. Bc7 Bc1 27. b3 Ba6 28. Bxa5 Be2 29. Bb6 Kf7 30. h3 Ke6 31. Nh2 Ba3 32. f3 Ba6 33. Kf2 Kd6 34. Nf1 c5 35. Ne3 Bd3 36. Ke1 Bb4+ 37. Kd1 cxd4 38. Bxd4 Ke6 39. Nc2 Bd6 40. Bc3 Bc5 41. b4 Ba7 42. b5 Bc4 43. Bd4 Bb8 44. Kd2 Bc7 45. b6 Bd6 46. Kc3 f5 47. Nb4 Bg3 48. b7 Kd7 49. Ba7 Be1+ 50. Kb2 Ke6 51. Bd4 Bxb4 1-0

[Event "5th Baskent University Open 2022"]
[Site "Ankara"]
[Date "2022.07.07"]
[Round "9.14"]
[White "Ipek, Egehan"]
[Black "Unver, Cumali"]
[Result "1-0"]
[ECO "A30"]
[WhiteElo "2196"]
[BlackElo "2046"]
[Annotator "RC"]
[PlyCount "93"]
[EventDate "2022.07.02"]
[EventType "swiss"]
[EventCountry "TUR"]
[SourceTitle "playchess.com"]
[Source "ChessBase"]
[SourceQuality "1"]
[TimeControl "5400+30"]

1. Nf3 Nf6 2. c4 g6 3. b3 Bg7 4. Bb2 O-O 5. g3 b6 6. Bg2 Bb7 7. O-O c5 8. d4 cxd4 9. Qxd4 Nc6 10. Qf4 d5 11. Rd1 Qc8 12. cxd5 Nxd5 13. Qd2 Nf6 14. Nc3 Rd8 15. Qe1 Qf5 16. e4 Qh5 17. Qe2 Nb4 18. Qc4 Nc6 19. b4 Ng4 20. h3 Nge5 21. Nxe5 Bxe5 22. f4 Rd4 23. Rxd4 Bxd4+ 24. Kh2 b5 25. Qb3 Rd8 26. Nd5 Qe2 27. Rb1 e6 28. Bxd4 Nxd4 29. Qc3 Nf3+ 30. Qxf3 Qxf3 31. Bxf3 exd5 32. exd5 Rd7 33. Rd1 Kf8 34. g4 Ke7 35. d6+ Kd8 36. Kg3 Bxf3 37. Kxf3 Rb7 38. Ke4 Kd7 39. Ke5 Rb6 40. Kf6 Rc6 41. Kxf7 Rc4 42. f5 gxf5 43. gxf5 Rxb4 44. f6 Rh4 45. Rd3 Rh6 46. Rg3 b4 47. Kg7 1-0

[Event "5th Baskent University Open 2022"]
[Site "Ankara"]
[Date "2022.07.07"]
[Round "9.15"]
[White "Cansu, Batuhan"]
[Black "Cakiroglu, Metin"]
[Result "1/2-1/2"]
[ECO "A46"]
[WhiteElo "2083"]
[BlackElo "2068"]
[Annotator "RC"]
[PlyCount "83"]
[EventDate "2022.07.02"]
[EventType "swiss"]
[EventCountry "TUR"]
[SourceTitle "playchess.com"]
[Source "ChessBase"]
[SourceQuality "1"]
[TimeControl "5400+30"]

1. d4 Nf6 2. Nf3 e6 3. g3 b5 4. Bg2 Bb7 5. O-O c5 6. Bg5 h6 7. Bxf6 Qxf6 8. e4 g6 9. Re1 Bg7 10. Nc3 a6 11. dxc5 Qe7 12. Nd5 Bxd5 13. exd5 Qxc5 14. dxe6 dxe6 15. Ng5 Ra7 16. Nxe6 fxe6 17. Rxe6+ Re7 18. Qe2 Rf8 19. Re1 Rff7 20. Qe4 Kd8 21. Rxe7 Rxe7 22. Rd1+ Rd7 23. Rxd7+ Nxd7 24. Qxg6 Bxb2 25. Qxa6 Bd4 26. Qa5+ Nb6 27. Qd2 Nc4 28. Qf4 Ne5 29. Be4 Kc7 30. Kg2 h5 31. Bd3 Kb6 32. Qf6+ Ka5 33. Qd8+ Kb4 34. a3+ Kxa3 35. Qa5+ Kb2 36. Qxb5+ Qxb5 37. Bxb5 Kxc2 38. Be8 Ng4 39. Bxh5 Nxf2 40. Kf3 Kd3 41. g4 Nxg4 42. Bxg4 1/2-1/2